 Dungeon Crawl Stone Soup version 0.29-a0-384-g6960b1960d (webtiles) character file.

Game seed: 16323789433011515649

347 spaghetti the Insei (level 6, 0/84 HPs)
             Began as a Gnoll Transmuter on May 7, 2022.
             Slain by a killer bee (2 damage)
             ... on level 4 of the Dungeon.
             The game lasted 00:06:35 (4419 turns).

spaghetti the Insei (Gnoll Transmuter)              Turns: 4419, Time: 00:06:36

Health: 0/84       AC:  6    Str:  9    XL:     6   Next: 59%
Magic:  14/14      EV: 11    Int: 15    God:
Gold:   185        SH:  0    Dex: 12    Spells: 5/15 levels left

rFire   x . .      SeeInvis .     - Unarmed
rCold   + + +      Faith    .   (shield currently unavailable)
rNeg    . . .      Spirit   .   (body armour currently unavailable)
rPois   +          Reflect  .   (helmet currently unavailable)
rElec   .          Harm     .   (cloak currently unavailable)
rCorr   .          Rampage  .   (gloves currently unavailable)
Will    .....                   (boots currently unavailable)
Stlth   ..........              (no amulet)
HPRegen 0.24/turn               (no ring)
MPRegen 0.14/turn               (no ring)

@: berserking, lethally poisoned (0 -> -4), ice-form, wereblooded, slowed
A: freezing attack, amphibious, boosted hp, large, (fangs 1), strong nose,
distributed training
a: End Transformation


You were on level 4 of the Dungeon.
You were a creature of crystalline ice.
You visited 1 branch of the dungeon, and saw 4 of its levels.

You collected 185 gold pieces.


Innate Abilities, Weirdness & Mutations

You are a creature of crystalline ice.
You have a powerful freezing melee attack.
You are amphibious.
Your maximum health is increased.
Your armour is entirely melded.
You are incapable of wielding weapons or throwing items.
((You have very sharp teeth.))
Your uncanny sense of smell can sniff out nearby items.
Your experience applies equally to all skills.


   Skills:
 + Level 3.3 Fighting
 + Level 2.0 Short Blades
 + Level 2.0 Long Blades
 + Level 2.0 Axes
 + Level 2.0 Maces & Flails
 + Level 2.0 Polearms
 + Level 2.0 Staves
 + Level 2.0 Slings
 + Level 2.0 Bows
 + Level 2.0 Crossbows
 + Level 2.0 Throwing
 + Level 2.0 Armour
 + Level 5.0 Dodging
 + Level 2.0 Stealth
 + Level 2.0 Shields
 + Level 6.8 Unarmed Combat
 + Level 5.4 Spellcasting
 + Level 1.6 Conjurations
 + Level 1.6 Hexes
 + Level 1.6 Summonings
 + Level 1.6 Necromancy
 + Level 1.6 Translocations
 + Level 4.1 Transmutations
 + Level 1.6 Fire Magic
 + Level 1.6 Ice Magic
 + Level 1.6 Air Magic
 + Level 1.6 Earth Magic
 + Level 1.6 Poison Magic
 + Level 2.2 Invocations
 + Level 2.0 Evocations


You had 5 spell levels left.
You knew the following spells:

 Your Spells              Type           Power      Damage    Failure   Level
a - Beastly Appendage     Tmut           32%        N/A       2%          1
b - Wereblood             Tmut           16%        N/A       4%          2
c - Spider Form           Tmut/Pois      12%        N/A       14%         3
d - Ice Form              Ice/Tmut       12%        N/A       43%         4

Your spell library contained the following spells:

 Spells                   Type           Power      Damage    Failure   Level
 Summon Small Mammal      Summ           32%        N/A       9%          1
 Call Canine Familiar     Summ           8%         N/A       24%         3
 Summon Guardian Golem    Hex/Summ       8%         N/A       24%         3

Inventory:

Missiles
 b - 200 stones (quivered) {throwing}
Armour
 a - a +0 robe (melded)
Magical Staves
 p - a staff of death {!astaff}
   (You found it on level 3 of the Dungeon)
Jewellery
 r - a ring of protection from cold
   (You found it on level 3 of the Dungeon)
Wands
 l - a wand of iceblast (15)
   (You found it on level 2 of the Dungeon)
Scrolls
 f - 2 scrolls of identify {unknown}
 h - a scroll of enchant weapon {unknown}
 i - 3 scrolls of teleportation {@r4}
 n - a scroll of vulnerability {unknown}
 q - a scroll of fog {unknown}
 t - a scroll of amnesia {unknown}
 u - a scroll of poison {unknown}
Potions
 j - a potion of might {unknown}
 k - a potion of resistance {unknown}
 m - a potion of attraction {unknown}
 o - a potion of degeneration {unknown}
 s - a potion of ambrosia {unknown}

Dungeon Overview and Level Annotations

Branches:
Dungeon (4/15)
 Temple: D:4-7

Altars:

Annotations:
D:4 2 transporters, Natasha; osinmv's ghost, amateur DEEE

### ## .$..
.. ....##.
.......###
(..........#
(..........#
..(.....y..#
......((yYy##
.......5hyy.#
.<.........##
#
..........##
## #####)###
.## #.# ..#
#.# .##
#.#### ##
##....####


You could see 5 killer bees, Natasha and a crimson imp (summoned).


Message History

The killer bee closely misses you.
You closely miss the killer bee. Your bite misses the killer bee.
The killer bee stings you!
The crimson imp laughs crazily.
The killer bee stings you. The killer bee misses you.
Natasha mumbles some strange words. 😕 HP[-8]
You take 8 damage, and now have 39/47 hp.
The killer bee barely misses you. The killer bee closely misses you.
Unknown command.
Casting: Spider Form (dangerous; 14% risk of failure)
Confirm with . or Enter, or press ? or * to list all spells.
The spell is quite dangerous to miscast (43% risk of failure)!
Continue anyway?
You turn into a creature of crystalline ice.
Your +0 robe melds into your body.
The killer bee completely misses you.
The killer bee stings you but does no damage. 😕 HP[+8] MP[-4]
You now have 56 max hp (+9).
You regained 8 hp, and now have 47/56 hp.
You lost 4 mp, and now have 10/14 mp.
Casting: Ice Form (quite dangerous; 43% risk of failure)
Confirm with . or Enter, or press ? or * to list all spells.
Your blood is infused with primal strength.
The killer bee stings you.
You are poisoned.
The killer bee poisons you!
The crimson imp summons a swarm of flies.
The killer bee misses you.
The crimson imp blinks! 😕 HP[-1] MP[-2]
You take 1 damage, and now have 46/56 hp.
You lost 2 mp, and now have 8/14 mp.
Unknown command.
You hit the killer bee but do no damage.
You feel very sick. The killer bee stings you. x2
The crimson imp summons a swarm of flies.
The killer bee stings you but does no damage. 😮 HP[-14]
You take 14 damage, and now have 32/56 hp.
MASSIVE DAMAGE!! (PAUSE) Unknown command.
You feel better. The killer bee stings you! The killer bee barely misses you.
The killer bee stings you.
You are poisoned.
The killer bee poisons you! 😮 HP[-3]
You take 3 damage, and now have 29/56 hp.
It was a potion of magic.
Magic courses through your body.
You feel very sick. The killer bee completely misses you.
The killer bee stings you.
* * * LOW HITPOINT WARNING * * *
The crimson imp blinks!
The killer bee barely misses you. 😨 HP[-7] MP[+6]
You take 7 damage, and now have 22/56 hp.
Your mp is fully restored (14).
Okay, then.
As you read the scroll labelled ICSORU NAI, it crumbles to dust.
You feel strangely unstable.
It was a scroll of teleportation.
You feel sick. The killer bee barely misses you. The killer bee stings you.
* * * LOW HITPOINT WARNING * * *
You are more poisoned.
The killer bee poisons you!
The killer bee stings you but does no damage. 😨 HP[-3]
You take 3 damage, and now have 19/56 hp.
Unknown command.
Unknown command.
Unknown command.
It was a potion of berserk rage.
A red film seems to cover your vision as you go berserk!
You feel yourself moving faster!
You feel mighty!
Your surroundings seem slightly different.
You feel very sick.
The crimson imp disappears in a puff of smoke!
The killer bee stings you.
* * * LOW HITPOINT WARNING * * *
😨 HP[+3]
You now have 84 max hp (+28).
You regained 3 hp, and now have 22/84 hp.
Unknown command.
You are too berserk!
You barely miss the killer bee.
You feel sick. Natasha closely misses you. The killer bee stings you!
* * * LOW HITPOINT WARNING * * *
😱 HP[-9]
You take 9 damage, and now have 13/84 hp.
You closely miss the killer bee.
You feel sick. The killer bee closely misses you.
The killer bee barely misses you.
Natasha stares at you and mumbles some strange words.
You feel as though you will be slow longer.
The killer bee stings you!
* * * LOW HITPOINT WARNING * * *
The killer bee closely misses you. 😱 HP[-10]
You take 10 damage, and now have 3/84 hp.
You closely miss the killer bee.
* * * LOW HITPOINT WARNING * * *
You feel sick. The killer bee stings you.
You die...

Skill      XL: |  1  2  3  4  5  6 |
---------------+-------------------+-----
Spellcasting   | 5 |  5.4
Invocations    | 1 2 |  2.2
Short Blades   | 1 2 |  2.0
Long Blades    | 1 2 |  2.0
Axes           | 1 2 |  2.0
Maces & Flails | 1 2 |  2.0
Polearms       | 1 2 |  2.0
Staves         | 1 2 |  2.0
Slings         | 1 2 |  2.0
Bows           | 1 2 |  2.0
Crossbows      | 1 2 |  2.0
Throwing       | 1 2 |  2.0
Armour         | 1 2 |  2.0
Stealth        | 1 2 |  2.0
Shields        | 1 2 |  2.0
Evocations     | 1 2 |  2.0
Fighting       | 3 |  3.3
Conjurations   | 1 |  1.6
Hexes          | 1 |  1.6
Summonings     | 1 |  1.6
Necromancy     | 1 |  1.6
Translocations | 1 |  1.6
Transmutations | 4 |  4.1
Fire Magic     | 1 |  1.6
Ice Magic      | 1 |  1.6
Air Magic      | 1 |  1.6
Earth Magic    | 1 |  1.6
Poison Magic   | 1 |  1.6
Dodging        | 5 |  5.0
Unarmed Combat | |  6.8

Action                   |  1- 3 |  4- 6 || total
-------------------------+-------+-------++-------
Melee: Unarmed           |    99 |    85 ||   184
       Bite              |     8 |     5 ||    13
       Punch             |     2 |     3 ||     5
       Kick              |     2 |       ||     2
       Headbutt          |     2 |       ||     2
Throw: Stone             |    15 |    21 ||    36
 Cast: Beastly Appendage |     3 |       ||     3
       Wereblood         |     8 |     1 ||     9
       Spider Form       |     4 |       ||     4
       Ice Form          |       |     1 ||     1
Evoke: Wand              |     1 |       ||     1
  Use: Potion            |     1 |     6 ||     7
       Scroll            |       |     1 ||     1
 Stab: Sleeping          |     3 |     1 ||     4
Armor: Robe              |    20 |     9 ||    29
       Skin              |     1 |    15 ||    16
Dodge: Dodged            |    65 |    36 ||   101

Levels and vault maps discovered:
D:1:      dpeg_arrival_tiny_k, layout_basic, corexii_leaking_fountain,
          st_stairs_10
D:2:      layout_loops_corners, kennysheep_pointless_box
D:3:      layout_basic, dreamdust_ecumenical_altar_drowned_temple
D:4:      layout_cave_pods, gammafunk_ghost_smash, uniq_natasha

Notes
Turn   | Place    | Note
-------+----------+-------------------------------------------
     0 | D:1      | spaghetti the Gnoll Transmuter began the quest for the Orb.
     0 | D:1      | Reached XP level 1. HP: 17/17 MP: 6/6
     0 | D:1      | magus.rc [v1.9.6]
    27 | D:1      | HP: 3/17 [kobold/+0 short sword (5)]
   316 | D:1      | You pick up a book of Callings and begin reading...
   316 | D:1      | You add the spells Summon Small Mammal, Call Canine
                  | Familiar and Summon Guardian Golem to your library.
   651 | D:1      | Reached XP level 2. HP: 23/23 MP: 7/7
   860 | D:1      | Learned a level 2 spell: Wereblood
  1427 | D:2      | Reached XP level 3. HP: 28/28 MP: 7/9
  1431 | D:2      | Learned a level 3 spell: Spider Form
  1638 | D:2      | Reached skill level 5 in Spellcasting
  1979 | D:2      | Reached skill level 1 in Invocations
  2275 | D:2      | Reached skill level 1 in Short Blades
  2275 | D:2      | Reached skill level 1 in Long Blades
  2275 | D:2      | Reached skill level 1 in Axes
  2275 | D:2      | Reached skill level 1 in Maces & Flails
  2275 | D:2      | Reached skill level 1 in Polearms
  2275 | D:2      | Reached skill level 1 in Staves
  2275 | D:2      | Reached skill level 1 in Slings
  2275 | D:2      | Reached skill level 1 in Bows
  2275 | D:2      | Reached skill level 1 in Crossbows
  2275 | D:2      | Reached skill level 1 in Throwing
  2275 | D:2      | Reached skill level 1 in Armour
  2275 | D:2      | Reached skill level 1 in Stealth
  2275 | D:2      | Reached skill level 1 in Shields
  2275 | D:2      | Reached skill level 1 in Evocations
  2704 | D:3      | Reached XP level 4. HP: 30/34 MP: 11/11
  2739 | D:3      | Found a faded altar of an unknown god.
  3852 | D:4      | Found a transporter.
  3854 | D:4      | Found a transporter.
  3855 | D:4      | Noticed osinmv's ghost (amateur DEEE)
  3855 | D:4      | Noticed an ogre
  3861 | D:4      | Identified the +0 giant club of Imbalance {flame, rC++
                  | Int-5}
  3861 | D:4      | Noticed an ogre
  3876 | D:4      | Noticed an ogre
  3883 | D:4      | Killed an ogre
  3884 | D:4      | Reached skill level 3 in Fighting
  3884 | D:4      | Reached skill level 1 in Conjurations
  3884 | D:4      | Reached skill level 1 in Hexes
  3884 | D:4      | Reached skill level 1 in Summonings
  3884 | D:4      | Reached skill level 1 in Necromancy
  3884 | D:4      | Reached skill level 1 in Translocations
  3884 | D:4      | Reached skill level 4 in Transmutations
  3884 | D:4      | Reached skill level 1 in Fire Magic
  3884 | D:4      | Reached skill level 1 in Ice Magic
  3884 | D:4      | Reached skill level 1 in Air Magic
  3884 | D:4      | Reached skill level 1 in Earth Magic
  3884 | D:4      | Reached skill level 1 in Poison Magic
  3884 | D:4      | Reached XP level 5. HP: 41/41 MP: 12/12
  3923 | D:4      | Learned a level 4 spell: Ice Form
  4253 | D:4      | Noticed Natasha
  4266 | D:4      | Reached skill level 2 in Invocations
  4266 | D:4      | Reached XP level 6. HP: 47/47 MP: 13/13
  4267 | D:4      | Killed Natasha
  4282 | D:4      | Reached skill level 2 in Short Blades
  4282 | D:4      | Reached skill level 2 in Long Blades
  4282 | D:4      | Reached skill level 2 in Axes
  4282 | D:4      | Reached skill level 2 in Maces & Flails
  4282 | D:4      | Reached skill level 2 in Polearms
  4282 | D:4      | Reached skill level 2 in Staves
  4282 | D:4      | Reached skill level 2 in Slings
  4282 | D:4      | Reached skill level 2 in Bows
  4282 | D:4      | Reached skill level 2 in Crossbows
  4282 | D:4      | Reached skill level 2 in Throwing
  4282 | D:4      | Reached skill level 2 in Armour
  4282 | D:4      | Reached skill level 5 in Dodging
  4282 | D:4      | Reached skill level 2 in Stealth
  4282 | D:4      | Reached skill level 2 in Shields
  4282 | D:4      | Reached skill level 2 in Evocations
  4403 | D:4      | Noticed Natasha
  4417 | D:4      | HP: 21/84 [poisoned by a killer bee]
  4418 | D:4      | HP: 3/84 [killer bee (8)]
  4419 | D:4      | Slain by a killer bee

Vanquished Creatures
  An ogre (D:4)
  A scorpion (D:4)
  A hound (D:4)
  An orc priest (D:4)
  An orc wizard (D:4)
  Natasha (D:4)
  2 adders
  An ufetubus (D:3)
  3 worms
  2 dart slugs (D:1)
  4 orcs
  4 ball pythons
  5 endoplasms
  2 giant cockroaches (D:2)
  9 goblins
  3 hobgoblins
  2 quokkas
  4 bats
  2 frilled lizards (D:1)
  4 kobolds
  5 rats
  A spectral kobold (D:3)
59 creatures vanquished.

Table legend:
 A = Non-vault XP
 B = Vault XP
 C = Vault XP percentage of total XP
 D = Non-vault monster count
 E = Vault monster count
 F = Vault count percentage of total count
                 A         B        C        D         E       F
            +---------+---------+-------+---------+---------+-------
      Total |     457 |      40 |   8.0 |      54 |       5 |   8.5
            +---------+---------+-------+---------+---------+-------
        D:1 |      29 |       4 |  12.1 |      15 |       3 |  16.7
        D:2 |      46 |       0 |   0.0 |      16 |       0 |   0.0
        D:3 |      25 |       1 |   3.8 |      10 |       1 |   9.1
        D:4 |     357 |      35 |   8.9 |      13 |       1 |   7.1
            +---------+---------+-------+---------+---------+-------

Illustrated notes

Table legend:
 A = Kills in this place as a percentage of kills in entire the game.
 B = Kills by you in this place as a percentage of kills by you in the entire game.
 C = Kills by friends in this place as a percentage of kills by friends in the entire game.
 D = Other kills in this place as a percentage of other kills in the entire game.
 E = Experience gained in this place as a percentage of experience gained in the entire game.
 F = Experience gained in this place divided by the number of levels of this place that you have seen.
                   A       B       C       D       E      F
               +-------+-------+-------+-------+-------+----------------------
         Total | 100.0 | 100.0 |   N/A |   N/A | 100.0 | 124.2
       Dungeon | 100.0 | 100.0 |   N/A |   N/A | 100.0 | 124.2
               +-------+-------+-------+-------+-------+----------------------

Table legend: (Time is in decaauts)
 A = Elapsed time spent in this place.
 B = Non-inter-level travel time spent in this place.
 C = Inter-level travel time spent in this place.
 D = Time resting spent in this place.
 E = Time spent auto-exploring this place.
 F = Levels seen in this place.
 G = Mean time per level.
                   A        B        C        D        E       F      G
               +--------+--------+--------+--------+--------+-----+--------+
         Total |   4407 |   4273 |    134 |    757 |   3031 |   4 | 1101.8 |
       Dungeon |   4407 |   4273 |    134 |    757 |   3031 |   4 | 1101.8 |
               +--------+--------+--------+--------+--------+-----+--------+

Top non-repeatable levels by time:
     D:1: 1419 daAuts
     D:2: 1255 daAuts
     D:3: 1051 daAuts
     D:4: 681 daAuts
